 Dungeon Crawl Stone Soup version 0.31-a0-532-g28f74ba3e5 (webtiles) character file.

Game seed: 12001546313299984497

119 duskshroud the Chopper (level 4, -3/41 HPs)
             Began as a Minotaur Berserker on Aug 12, 2023.
             Was a Follower of Trog.
             Killed by divine providence
             ... invoked by an orc priest
              (12 damage)
             ... on level 3 of the Dungeon.
             The game lasted 00:03:53 (1967 turns).

duskshroud the Chopper (Minotaur Berserker)         Turns: 1967, Time: 00:03:54

Health: -3/41      AC:  7    Str: 21    XL:     4   Next: 73%
Magic:  3/3        EV: 10    Int:  4    God:    Trog [*.....]
Gold:   139        SH:  5    Dex: 12    Spells: 3/3 levels left

rFire   + . .        k - +0 halberd
rCold   . . .        (shield currently unavailable)
rNeg    . . .        h - +1 scale mail {rF+}
rPois   .            (helmet restricted)
rElec   .            (no cloak)
rCorr   .            (no gloves)
SInv    .            (no boots)
Will    .....        l - amulet of reflection Stlth
                     (no ring)
HPRegen 0.26/turn    (no ring)
MPRegen 0.08/turn

%: reflection
@: no status effects
A: horns 2, retaliatory headbutt
a: Renounce Religion, Berserk


You were on level 3 of the Dungeon.
You worshipped Trog.
Trog was aware of your devotion.
You visited 1 branch of the dungeon, and saw 3 of its levels.

You collected 139 gold pieces.

Inventory:

Hand Weapons
 a - a +0 hand axe
 k - a +0 halberd (weapon)
Missiles
 d - 6 poisoned darts
 e - 2 throwing nets (quivered)
Armour
 h - a +1 scale mail of fire resistance (worn)
Jewellery
 l - an amulet of reflection (around neck)
Scrolls
 c - a scroll of vulnerability {unknown}
 f - 4 scrolls of fog {unknown}
 i - 3 scrolls of identify {unknown}
 j - a scroll of enchant armour {unknown}
Potions
 b - 2 potions of brilliance {unknown}
 g - 3 potions of curing {unknown}


   Skills:
 + Level 4.8 Fighting
 * Level 5.8 Axes
 - Level 2.4 Armour
 - Level 2.1 Dodging


You had 3 spell levels left.
You didn't know any spells.
Your spell library was empty.

Dungeon Overview and Level Annotations

Branches:
Dungeon (3/15)

Altars:


Innate Abilities, Weirdness & Mutations

You have a pair of horns on your head.
You reflexively headbutt those who attack you in melee.


Message History

a +0 dagger; an orc corpse An adder comes into view.
The adder hisses angrily.
Reach: k) +0 halberd
Press: ? - help, Dir - move target, f - adder
Aim: an adder (about 71% to evade your +0 halberd)
You reach to attack!
You barely miss the adder. The adder bites you but does no damage.
You barely miss the adder. The adder closely misses you. x2
You closely miss the adder. Your headbutt misses the adder.
The adder completely misses you. You block the adder's attack.
You slash the adder!
The adder is almost dead.
The adder bites you but does no damage.
You slash the adder!
You kill the adder!
Trog accepts your kill.
You see here an adder corpse.
g - 3 inky potions (gained 1)
An orc priest comes into view. It is wielding a +0 mace.
The orc priest shouts!
The orc priest hits you with a +0 mace.
You hit the orc priest but do no damage.
Your headbutt misses the orc priest.
The orc priest invokes the aid of Beogh against you.
Pain shoots through your body! You block the orc priest's attack.
You barely miss the orc priest.
The orc priest hits you but does no damage.
You slash the orc priest!
The orc priest is almost dead.
The orc priest calls down the wrath of Beogh upon you.
Pain shoots through your body!
You barely miss the orc priest.
The orc priest is almost dead.
The orc priest invokes the aid of Beogh against you.
Pain shoots through your body!
* * * LOW HITPOINT WARNING * * *
The orc priest mumbles some strange prayers to Beogh against you.
Beogh smites you!
You die...

###########
#.......>.#####
#.######......#
#.#....#..###.# #
#.#.##.#....#.# #
#.#.......#.#.# #
#.####.#.##.#.####
#.# #.#.<#....†).
#@# #.#......####
#o# #.#.###### #
#.# #.... # #.#
###.# # #.. #.# #
### ### #.. #.#
#.#


You could see an orc priest.

Vanquished Creatures
  Terence (D:2)
  3 adders
  3 gnolls (D:2)
  2 dart slugs
  3 orcs (D:3)
  4 ball pythons
  An endoplasm (D:2)
  4 goblins
  A hobgoblin (D:2)
  4 kobolds
  A quokka (D:2)
  4 bats
  A frilled lizard (D:1)
  A rat (D:2)
33 creatures vanquished.

Notes
Turn   | Place    | Note
-------+----------+-------------------------------------------
     0 | D:1      | duskshroud the Minotaur Berserker began the quest for the
                  | Orb.
     0 | D:1      | Reached XP level 1. HP: 19/19 MP: 0/0
   391 | D:1      | Reached skill level 4 in Axes
   396 | D:1      | Reached XP level 2. HP: 24/27 MP: 1/1
   796 | D:2      | Noticed Terence
   801 | D:2      | Killed Terence
   802 | D:2      | Reached skill level 5 in Axes
   802 | D:2      | Reached XP level 3. HP: 34/34 MP: 2/2
  1433 | D:2      | Reached XP level 4. HP: 41/41 MP: 3/3
  1967 | D:3      | Killed from afar by an orc priest

Illustrated notes

Levels and vault maps discovered:
D:1:      dpeg_arrival_chambers_temple_mockup, layout_loops_ring
D:2:      layout_basic, uniq_terence
D:3:      layout_basic, dreamdust_wishing_well

Skill      XL: |  1  2 |
---------------+-------+-----
Axes           | 4 5 |  5.8
Fighting       | 4 |  4.8
Armour         | |  2.4
Dodging        | |  2.1

Action                     |  1- 3 |  4- 6 || total
---------------------------+-------+-------++-------
  Melee: Hand axe          |    39 |    19 ||    58
         Headbutt          |    10 |     2 ||    12
         Halberd           |       |    19 ||    19
 Invoke: Berserk           |     1 |       ||     1
 Armour: Animal skin       |     4 |       ||     4
         Scale mail        |     5 |    10 ||    15
  Dodge: Dodged            |    20 |    14 ||    34
  Block: Other             |       |     2 ||     2

Table legend: (Time is in decaauts)
 A = Elapsed time spent in this place.
 B = Non-inter-level travel time spent in this place.
 C = Inter-level travel time spent in this place.
 D = Time resting spent in this place.
 E = Time spent auto-exploring this place.
 F = Levels seen in this place.
 G = Mean time per level.
                   A        B        C        D        E       F      G
               +--------+--------+--------+--------+--------+-----+--------+
         Total |   1983 |   1931 |     52 |     35 |   1635 |   3 |  661.0 |
       Dungeon |   1983 |   1931 |     52 |     35 |   1635 |   3 |  661.0 |
               +--------+--------+--------+--------+--------+-----+--------+

Top non-repeatable levels by time:
     D:2: 970 daAuts
     D:1: 703 daAuts
     D:3: 310 daAuts
